[ PARTIDA AOE2 · #484603149 ]
UnrankedItalianos vs Spanish
[ ANÁLISIS DE REPETICIÓN · EXTRAÍDO DE LA PARTIDA GRABADA ]
Feudal
13:39
Castillos
21:24
Imperial
—
| APM promedio | 23.8 |
| APM pico | 59 |
| eAPM promedio | 11.3 |
| Aldeanos / militares | 59 / 89 |
Foco
⚔️ 29.0% · 🌾 71.0%
Scout Cavalry ×39 · Genoese Crossbowman ×39 · Fishing Ship ×35 · Unknown (2626) ×8 · Knight ×5 · Galley ×4
Feudal
15:16
Castillos
21:12
Imperial
—
| APM promedio | 22.5 |
| APM pico | 59 |
| eAPM promedio | 8.9 |
| Aldeanos / militares | 68 / 22 |
Foco
⚔️ 27.7% · 🌾 72.3%
Conquistador ×15 · Fishing Ship ×15 · Galley ×4 · Skirmisher ×3 · Unknown (2626) ×1
Feudal
14:22
Castillos
24:07
Imperial
—
| APM promedio | 22.9 |
| APM pico | 55 |
| eAPM promedio | 11.5 |
| Aldeanos / militares | 63 / 61 |
Foco
⚔️ 34.9% · 🌾 65.1%
Skirmisher ×34 · Battering Ram ×16 · Fishing Ship ×15 · Hand Cannoneer ×5 · Unknown (2626) ×5 · Petard ×3
Feudal
12:54
Castillos
19:37
Imperial
—
| APM promedio | 38.8 |
| APM pico | 73 |
| eAPM promedio | 17.5 |
| Aldeanos / militares | 99 / 72 |
Foco
⚔️ 31.5% · 🌾 68.5%
Cavalry Archer ×58 · Magyar Huszar ×12 · Fishing Ship ×11 · Monk ×1 · Archer ×1
Mapa de la partida
Recursos iniciales + cada clic de construcción. Líneas = muros · curvas = relieve. ◆ oro · ⬟ piedra · ● bayas · ✦ reliquia · ◌ hueco del cierre
Tu base· Abierta — hueco de 12t
Base de Zuku_Ustaad· Abierta — flanco sin cerrar
Base de Glare· Abierta — hueco de 7t
Base de 别说了都给我懂完了· Abierta — flanco sin cerrar
Terreno inicial suavizado · ◌ = hueco del cierre detectado · pasá el cursor para detalles
Inputs por minuto
— Tomimecchi - - Zuku_Ustaad
Build order — Tomimecchi
Primeras 150 de 264 acciones detectadas
| 1:00 | Construir | Town Center |
| 1:27 | Construir | Dock |
| 1:29 | Construir | House |
| 1:30 | Construir | House |
| 3:08 | Crear | Villager (Male) |
| 3:08 | Crear | Villager (Male) |
| 3:08 | Crear | Villager (Male) |
| 3:18 | Crear | Villager (Male) |
| 3:19 | Crear | Villager (Male) |
| 4:33 | Crear | Villager (Male) |
| 4:52 | Crear | Fishing Ship |
| 4:53 | Crear | Fishing Ship |
| 5:03 | Crear | Villager (Male) |
| 5:46 | Crear | Villager (Male) |
| 6:04 | Crear | Fishing Ship |
| 6:09 | Crear | Villager (Male) |
| 6:31 | Construir | House |
| 6:37 | Crear | Villager (Male) |
| 7:00 | Crear | Villager (Male) |
| 7:09 | Crear | Fishing Ship |
| 7:10 | Crear | Fishing Ship |
| 7:23 | Crear | Villager (Male) |
| 7:43 | Crear | Fishing Ship |
| 7:50 | Crear | Villager (Male) |
| 8:04 | Construir | House |
| 8:13 | Crear | Fishing Ship |
| 8:17 | Crear | Villager (Male) |
| 8:36 | Construir | House |
| 8:43 | Crear | Villager (Male) |
| 9:00 | Crear | Fishing Ship |
| 9:09 | Crear | Villager (Male) |
| 9:42 | Construir | Mining Camp |
| 9:43 | Crear | Villager (Male) |
| 9:48 | Crear | Fishing Ship |
| 10:06 | Crear | Villager (Male) |
| 10:21 | Construir | Dock |
| 10:38 | Crear | Villager (Male) |
| 10:51 | Investigar | Loom |
| 11:04 | Crear | Fishing Ship |
| 11:11 | Crear | Fishing Ship |
| 11:15 | Construir | House |
| 11:29 | Investigar | Feudal Age |
| 11:54 | Construir | House |
| 11:54 | Construir | House |
| 11:59 | Crear | Fishing Ship |
| 12:01 | Crear | Fishing Ship |
| 12:01 | Crear | Fishing Ship |
| 12:23 | Construir | Lumber Camp |
| 13:15 | Construir | Dock |
| 13:18 | Crear | Villager (Male) |
| 13:35 | Crear | Villager (Male) |
| 13:39 | Edad | Edad Feudal |
| 13:42 | Crear | Unit 2626 |
| 13:42 | Crear | Unit 2626 |
| 13:55 | Crear | Unit 2626 |
| 13:55 | Crear | Unit 2626 |
| 14:03 | Construir | House |
| 14:04 | Crear | Villager (Male) |
| 14:16 | Investigar | Double-Bit Axe |
| 14:16 | Investigar | Double-Bit Axe |
| 14:37 | Crear | Galley |
| 14:56 | Crear | Villager (Male) |
| 15:11 | Crear | Villager (Male) |
| 15:22 | Construir | Mining Camp |
| 15:29 | Crear | Villager (Male) |
| 15:42 | Construir | Blacksmith |
| 15:44 | Crear | Villager (Male) |
| 16:19 | Crear | Villager (Male) |
| 16:26 | Construir | Barracks |
| 16:29 | Crear | Villager (Male) |
| 16:39 | Investigar | Tech 906 |
| 16:40 | Crear | Fishing Ship |
| 16:40 | Crear | Fishing Ship |
| 16:40 | Crear | Fishing Ship |
| 16:50 | Investigar | Forging |
| 16:59 | Construir | House |
| 17:00 | Construir | House |
| 17:00 | Construir | House |
| 17:00 | Construir | House |
| 17:04 | Crear | Demolition Raft |
| 17:04 | Crear | Demolition Raft |
| 17:10 | Crear | Fishing Ship |
| 17:18 | Crear | Fishing Ship |
| 17:29 | Crear | Villager (Male) |
| 17:41 | Construir | Stable |
| 17:45 | Crear | Villager (Male) |
| 18:04 | Construir | Lumber Camp |
| 18:05 | Crear | Villager (Male) |
| 18:34 | Investigar | Castle Age |
| 18:34 | Investigar | Castle Age |
| 18:51 | Construir | House |
| 20:00 | Crear | Villager (Male) |
| 20:03 | Investigar | Scale Barding Armor |
| 20:05 | Investigar | Bloodlines |
| 20:17 | Construir | Stable |
| 20:19 | Construir | Stable |
| 20:26 | Construir | House |
| 20:26 | Construir | House |
| 20:27 | Construir | House |
| 20:31 | Crear | Fishing Ship |
| 20:31 | Crear | Fishing Ship |
| 20:32 | Crear | Fishing Ship |
| 20:32 | Crear | Fishing Ship |
| 20:54 | Crear | Scout Cavalry |
| 20:54 | Crear | Scout Cavalry |
| 21:22 | Crear | Villager (Male) |
| 21:24 | Edad | Edad de los Castillos |
| 21:26 | Investigar | Stone Mining |
| 21:35 | Crear | Knight |
| 21:35 | Crear | Knight |
| 21:53 | Construir | Dock |
| 21:58 | Crear | Villager (Male) |
| 22:31 | Construir | Lumber Camp |
| 22:52 | Construir | Dock |
| 22:58 | Crear | Knight ×3 |
| 23:30 | Construir | Castle |
| 23:52 | Investigar | Chain Barding Armor |
| 24:29 | Crear | Villager (Male) |
| 24:29 | Crear | Villager (Male) |
| 24:49 | Investigar | Gillnets |
| 24:50 | Investigar | War Galley (upgrade) |
| 24:53 | Crear | Fishing Ship |
| 24:53 | Crear | Fishing Ship |
| 24:53 | Crear | Fishing Ship |
| 24:54 | Crear | Fishing Ship |
| 24:54 | Crear | Fishing Ship |
| 24:54 | Crear | Fishing Ship |
| 24:54 | Crear | Fishing Ship |
| 24:54 | Crear | Fishing Ship |
| 24:55 | Crear | Fishing Ship |
| 24:55 | Crear | Fishing Ship |
| 24:55 | Crear | Fishing Ship |
| 24:56 | Crear | Fishing Ship |
| 25:10 | Construir | Mining Camp |
| 25:16 | Crear | Genoese Crossbowman |
| 25:16 | Crear | Genoese Crossbowman |
| 25:31 | Crear | Villager (Male) |
| 25:31 | Crear | Villager (Male) |
| 25:41 | Investigar | Fletching |
| 26:20 | Construir | Lumber Camp |
| 26:25 | Construir | Lumber Camp |
| 26:30 | Crear | Genoese Crossbowman |
| 26:31 | Crear | Genoese Crossbowman |
| 26:34 | Investigar | Padded Archer Armor |
| 27:11 | Crear | Genoese Crossbowman |
| 27:11 | Crear | Genoese Crossbowman |
| 27:19 | Construir | Town Center |
| 27:22 | Investigar | Bow Saw |
| 27:52 | Crear | Genoese Crossbowman |
| 27:52 | Crear | Genoese Crossbowman |
Build order — Zuku_Ustaad
Primeras 150 de 172 acciones detectadas
| 0:12 | Construir | Dock |
| 0:36 | Construir | Town Center |
| 0:50 | Construir | House |
| 3:00 | Crear | Villager (Male) |
| 3:01 | Crear | Villager (Male) |
| 3:01 | Crear | Villager (Male) |
| 3:01 | Crear | Villager (Male) |
| 3:02 | Crear | Villager (Male) |
| 3:17 | Crear | Villager (Male) |
| 3:18 | Crear | Villager (Male) |
| 3:18 | Crear | Villager (Male) |
| 4:03 | Crear | Fishing Ship |
| 4:33 | Construir | House |
| 5:03 | Crear | Villager (Male) |
| 5:05 | Crear | Fishing Ship |
| 5:05 | Crear | Fishing Ship |
| 5:38 | Crear | Fishing Ship |
| 5:38 | Crear | Fishing Ship |
| 6:07 | Investigar | Loom |
| 6:08 | Crear | Fishing Ship |
| 6:08 | Crear | Fishing Ship |
| 6:32 | Crear | Villager (Male) |
| 6:48 | Construir | House |
| 6:59 | Crear | Villager (Male) |
| 7:13 | Crear | Fishing Ship |
| 7:13 | Crear | Fishing Ship |
| 7:32 | Crear | Villager (Male) |
| 7:32 | Crear | Villager (Male) |
| 8:07 | Crear | Fishing Ship |
| 8:08 | Crear | Villager (Male) |
| 8:23 | Crear | Fishing Ship |
| 8:37 | Construir | House |
| 8:40 | Crear | Villager (Male) |
| 9:32 | Crear | Villager (Male) |
| 9:36 | Crear | Fishing Ship |
| 9:50 | Construir | House |
| 9:55 | Crear | Villager (Male) |
| 10:22 | Crear | Villager (Male) |
| 10:28 | Construir | Mining Camp |
| 10:47 | Crear | Villager (Male) |
| 11:25 | Crear | Villager (Male) |
| 11:40 | Construir | Dock |
| 11:44 | Construir | House |
| 12:11 | Crear | Villager (Male) |
| 12:28 | Crear | Fishing Ship |
| 12:41 | Crear | Villager (Male) |
| 12:48 | Construir | Mining Camp |
| 13:04 | Investigar | Feudal Age |
| 13:20 | Construir | House |
| 14:02 | Construir | Outpost |
| 14:16 | Crear | Fishing Ship |
| 14:59 | Crear | Fishing Ship |
| 15:07 | Construir | House |
| 15:08 | Construir | House |
| 15:16 | Edad | Edad Feudal |
| 15:28 | Crear | Villager (Male) |
| 15:35 | Construir | Blacksmith |
| 16:12 | Crear | Villager (Male) |
| 16:26 | Construir | Mill |
| 16:28 | Crear | Villager (Male) |
| 16:45 | Crear | Galley |
| 17:09 | Construir | Market |
| 17:12 | Crear | Villager (Male) |
| 17:38 | Construir | Watch Tower |
| 17:46 | Crear | Galley |
| 18:00 | Crear | Villager (Male) |
| 18:32 | Investigar | Castle Age |
| 18:41 | Crear | Galley |
| 19:04 | Investigar | Fletching |
| 19:44 | Crear | Galley |
| 20:08 | Crear | Unit 2626 |
| 20:49 | Construir | Lumber Camp |
| 21:12 | Edad | Edad de los Castillos |
| 21:23 | Construir | Castle |
| 21:45 | Crear | Villager (Male) |
| 21:46 | Crear | Villager (Male) |
| 21:48 | Investigar | Double-Bit Axe |
| 22:03 | Construir | Mining Camp |
| 22:24 | Crear | Conquistador |
| 23:28 | Crear | Conquistador |
| 23:31 | Crear | Villager (Male) |
| 23:36 | Construir | Farm |
| 23:37 | Construir | Farm |
| 23:41 | Construir | Farm |
| 23:47 | Construir | Farm |
| 24:09 | Crear | Conquistador |
| 24:31 | Crear | Conquistador |
| 24:31 | Crear | Conquistador |
| 24:59 | Crear | Conquistador |
| 26:57 | Construir | Barracks |
| 27:09 | Crear | Villager (Male) |
| 27:58 | Construir | Archery Range |
| 28:34 | Construir | Mill |
| 29:26 | Crear | Villager (Male) |
| 29:26 | Crear | Villager (Male) |
| 29:53 | Crear | Villager (Male) |
| 29:53 | Crear | Villager (Male) |
| 30:17 | Crear | Villager (Male) |
| 30:27 | Construir | Town Center |
| 30:30 | Crear | Conquistador |
| 31:16 | Crear | Villager (Male) |
| 31:17 | Crear | Villager (Male) |
| 31:39 | Crear | Villager (Male) |
| 32:01 | Crear | Villager (Male) |
| 32:04 | Investigar | Padded Archer Armor |
| 32:45 | Crear | Villager (Male) |
| 32:45 | Crear | Villager (Male) |
| 32:53 | Construir | Farm |
| 32:55 | Construir | Farm |
| 33:22 | Crear | Villager (Male) |
| 33:28 | Crear | Villager (Male) |
| 33:32 | Construir | Farm |
| 33:38 | Construir | Farm |
| 34:03 | Crear | Villager (Male) |
| 34:04 | Crear | Villager (Male) |
| 34:09 | Crear | Conquistador |
| 34:19 | Construir | Farm |
| 34:25 | Construir | Farm |
| 34:28 | Construir | Farm |
| 34:37 | Construir | Farm |
| 34:39 | Crear | Villager (Male) |
| 34:58 | Crear | Villager (Male) |
| 35:01 | Crear | Villager (Male) |
| 35:15 | Crear | Conquistador |
| 35:30 | Crear | Villager (Male) |
| 35:34 | Construir | Farm |
| 35:38 | Construir | Farm |
| 35:41 | Crear | Villager (Male) |
| 35:49 | Construir | Stable |
| 35:52 | Crear | Villager (Male) |
| 36:33 | Crear | Villager (Male) |
| 36:34 | Crear | Villager (Male) |
| 36:35 | Crear | Conquistador |
| 36:44 | Construir | Farm |
| 36:51 | Crear | Villager (Male) |
| 37:52 | Crear | Villager (Male) |
| 37:52 | Crear | Villager (Male) |
| 37:53 | Crear | Villager (Male) |
| 37:54 | Crear | Conquistador |
| 37:56 | Investigar | Bloodlines |
| 38:06 | Construir | Farm |
| 38:06 | Construir | Farm |
| 38:07 | Construir | Farm |
| 38:07 | Construir | Farm |
| 38:07 | Construir | Farm |
| 38:11 | Crear | Villager (Male) |
| 38:36 | Crear | Villager (Male) |
| 38:37 | Crear | Conquistador |
| 38:40 | Crear | Conquistador |
| 39:18 | Crear | Villager (Male) |
Build order — Glare
Primeras 150 de 220 acciones detectadas
| 1:14 | Construir | Town Center |
| 1:47 | Construir | Dock |
| 2:44 | Construir | House |
| 3:20 | Crear | Villager (Male) |
| 3:21 | Crear | Villager (Male) |
| 3:21 | Crear | Villager (Male) |
| 3:21 | Crear | Villager (Male) |
| 3:22 | Crear | Villager (Male) |
| 4:32 | Crear | Villager (Male) |
| 5:12 | Crear | Villager (Male) |
| 5:37 | Crear | Villager (Male) |
| 6:02 | Crear | Villager (Male) |
| 6:17 | Construir | House |
| 6:33 | Construir | House |
| 6:49 | Crear | Villager (Male) |
| 7:40 | Crear | Fishing Ship |
| 7:48 | Crear | Villager (Male) |
| 8:02 | Crear | Villager (Male) |
| 8:04 | Crear | Villager (Male) |
| 8:22 | Construir | House |
| 8:35 | Crear | Fishing Ship |
| 8:39 | Crear | Villager (Male) |
| 8:55 | Crear | Villager (Male) |
| 9:14 | Crear | Fishing Ship |
| 9:18 | Crear | Villager (Male) |
| 9:33 | Crear | Villager (Male) |
| 9:37 | Crear | Fishing Ship |
| 9:53 | Crear | Villager (Male) |
| 10:08 | Crear | Fishing Ship |
| 10:30 | Crear | Villager (Male) |
| 10:35 | Construir | Mill |
| 10:56 | Construir | House |
| 11:11 | Construir | House |
| 11:17 | Construir | Palisade Wall |
| 11:21 | Investigar | Loom |
| 12:12 | Investigar | Feudal Age |
| 12:18 | Construir | House |
| 12:23 | Construir | House |
| 12:29 | Construir | Palisade Wall |
| 12:34 | Crear | Villager (Male) |
| 12:47 | Crear | Fishing Ship |
| 12:48 | Crear | Fishing Ship |
| 13:18 | Construir | House |
| 13:48 | Crear | Villager (Male) |
| 14:03 | Construir | Lumber Camp |
| 14:22 | Edad | Edad Feudal |
| 14:38 | Investigar | Double-Bit Axe |
| 14:40 | Investigar | Horse Collar |
| 14:45 | Construir | House |
| 14:55 | Crear | Villager (Male) |
| 15:06 | Crear | Fishing Ship |
| 15:26 | Crear | Villager (Male) |
| 15:28 | Crear | Villager (Male) |
| 15:35 | Construir | Lumber Camp |
| 15:51 | Construir | Barracks |
| 16:04 | Construir | Farm |
| 16:26 | Construir | Dock |
| 16:37 | Construir | Farm |
| 16:43 | Construir | House |
| 16:45 | Crear | Villager (Male) |
| 16:45 | Crear | Villager (Male) |
| 16:51 | Crear | Fishing Ship |
| 16:52 | Crear | Fishing Ship |
| 17:03 | Crear | Villager (Male) |
| 17:10 | Crear | Villager (Male) |
| 17:15 | Construir | Mining Camp |
| 17:30 | Construir | Archery Range |
| 17:56 | Crear | Fishing Ship |
| 17:56 | Crear | Fishing Ship |
| 18:23 | Construir | Blacksmith |
| 18:25 | Crear | Villager (Male) |
| 18:26 | Crear | Villager (Male) |
| 18:56 | Construir | Mining Camp |
| 19:28 | Crear | Fire Galley |
| 19:29 | Crear | Fire Galley |
| 19:29 | Crear | Fire Galley |
| 19:30 | Crear | Unit 2626 |
| 19:41 | Construir | Market |
| 19:47 | Crear | Villager (Male) |
| 19:47 | Crear | Villager (Male) |
| 19:57 | Investigar | Wheelbarrow |
| 21:02 | Investigar | Tech 906 |
| 21:07 | Investigar | Castle Age |
| 21:28 | Crear | Skirmisher |
| 21:28 | Crear | Skirmisher |
| 21:29 | Crear | Skirmisher |
| 21:34 | Investigar | Fletching |
| 21:36 | Investigar | Padded Archer Armor |
| 21:41 | Investigar | Forging |
| 21:41 | Investigar | Scale Mail Armor |
| 21:49 | Investigar | Scale Mail Armor |
| 22:02 | Crear | Unit 2626 |
| 22:02 | Crear | Unit 2626 |
| 22:02 | Crear | Unit 2626 |
| 22:03 | Crear | Unit 2626 |
| 23:00 | Crear | Villager (Male) |
| 23:03 | Crear | Villager (Male) |
| 24:07 | Edad | Edad de los Castillos |
| 24:15 | Construir | Town Center |
| 24:42 | Crear | Villager (Male) |
| 24:49 | Construir | Town Center |
| 25:09 | Construir | Town Center |
| 26:07 | Crear | Villager (Male) |
| 26:08 | Crear | Villager (Male) |
| 26:08 | Crear | Villager (Male) |
| 26:26 | Crear | Villager (Male) |
| 26:27 | Crear | Villager (Male) |
| 26:27 | Crear | Villager (Male) |
| 26:28 | Crear | Villager (Male) |
| 26:28 | Crear | Villager (Male) |
| 26:28 | Crear | Villager (Male) |
| 26:28 | Crear | Villager (Male) |
| 26:29 | Crear | Villager (Male) |
| 26:29 | Crear | Villager (Male) |
| 26:31 | Investigar | Bow Saw |
| 26:45 | Construir | University |
| 26:51 | Construir | Monastery |
| 27:04 | Construir | Siege Workshop |
| 27:05 | Construir | Siege Workshop |
| 27:19 | Construir | Archery Range |
| 27:20 | Construir | Archery Range |
| 27:39 | Investigar | Elite Skirmisher (upgrade) |
| 27:46 | Crear | Villager (Male) |
| 27:46 | Crear | Villager (Male) |
| 27:46 | Crear | Villager (Male) |
| 28:04 | Construir | Castle |
| 28:10 | Crear | Villager (Male) |
| 28:10 | Crear | Villager (Male) |
| 28:10 | Crear | Villager (Male) |
| 28:11 | Crear | Villager (Male) |
| 28:12 | Crear | Villager (Male) |
| 28:12 | Crear | Villager (Male) |
| 28:24 | Investigar | Gillnets |
| 28:34 | Crear | Fishing Ship |
| 28:35 | Crear | Fishing Ship |
| 28:35 | Crear | Fishing Ship |
| 29:31 | Construir | House |
| 29:31 | Construir | House |
| 29:33 | Construir | House |
| 29:36 | Crear | Skirmisher |
| 29:36 | Crear | Skirmisher |
| 29:36 | Crear | Skirmisher |
| 29:37 | Crear | Skirmisher |
| 29:37 | Crear | Skirmisher |
| 29:37 | Crear | Skirmisher |
| 29:45 | Crear | Skirmisher |
| 29:45 | Crear | Skirmisher |
| 29:45 | Crear | Skirmisher |
| 29:45 | Crear | Skirmisher |
| 30:00 | Investigar | Leather Archer Armor |
Build order — 别说了都给我懂完了
Primeras 150 de 286 acciones detectadas
| 0:09 | Construir | House |
| 0:17 | Construir | Town Center |
| 0:36 | Construir | Dock |
| 2:05 | Construir | House |
| 2:48 | Crear | Villager (Male) |
| 2:48 | Crear | Villager (Male) |
| 2:49 | Crear | Villager (Male) |
| 2:49 | Crear | Villager (Male) |
| 3:52 | Crear | Villager (Male) |
| 4:21 | Crear | Fishing Ship |
| 4:21 | Crear | Fishing Ship |
| 5:32 | Crear | Villager (Male) |
| 5:36 | Crear | Fishing Ship |
| 6:04 | Crear | Villager (Male) |
| 6:04 | Crear | Villager (Male) |
| 6:23 | Crear | Villager (Male) |
| 6:52 | Construir | House |
| 6:55 | Crear | Villager (Male) |
| 7:04 | Crear | Villager (Male) |
| 7:04 | Crear | Villager (Male) |
| 7:41 | Crear | Villager (Male) |
| 7:41 | Crear | Villager (Male) |
| 7:42 | Crear | Villager (Male) |
| 7:43 | Crear | Villager (Male) |
| 7:50 | Crear | Villager (Male) |
| 7:51 | Crear | Villager (Male) |
| 7:57 | Crear | Fishing Ship |
| 8:57 | Crear | Villager (Male) |
| 9:01 | Crear | Fishing Ship |
| 9:06 | Construir | House |
| 9:33 | Construir | Mill |
| 9:44 | Crear | Villager (Male) |
| 9:57 | Crear | Fishing Ship |
| 10:12 | Crear | Villager (Male) |
| 10:33 | Crear | Fishing Ship |
| 10:44 | Investigar | Feudal Age |
| 10:44 | Investigar | Feudal Age |
| 11:25 | Construir | House |
| 11:43 | Crear | Villager (Male) |
| 11:43 | Crear | Villager (Male) |
| 12:25 | Crear | Villager (Male) |
| 12:43 | Construir | Lumber Camp |
| 12:54 | Edad | Edad Feudal |
| 13:07 | Construir | House |
| 13:08 | Construir | House |
| 13:19 | Investigar | Double-Bit Axe |
| 14:08 | Crear | Villager (Male) |
| 14:37 | Construir | Blacksmith |
| 14:46 | Crear | Villager (Male) |
| 14:50 | Crear | Villager (Male) |
| 15:12 | Crear | Villager (Male) |
| 15:20 | Crear | Villager (Male) |
| 15:30 | Crear | Villager (Male) |
| 15:38 | Construir | Market |
| 15:52 | Crear | Fishing Ship |
| 16:25 | Construir | Farm |
| 16:41 | Construir | House |
| 16:57 | Investigar | Castle Age |
| 16:57 | Investigar | Castle Age |
| 17:18 | Construir | Mining Camp |
| 17:33 | Construir | Barracks |
| 17:39 | Construir | Palisade Wall |
| 17:47 | Construir | Palisade Gate |
| 17:50 | Crear | Villager (Male) |
| 17:50 | Crear | Villager (Male) |
| 17:57 | Investigar | Horse Collar |
| 18:34 | Construir | Dock |
| 18:41 | Crear | Villager (Male) |
| 19:19 | Construir | Archery Range |
| 19:29 | Construir | Lumber Camp |
| 19:34 | Construir | Farm |
| 19:37 | Edad | Edad de los Castillos |
| 19:58 | Construir | Mining Camp |
| 20:00 | Crear | Villager (Male) |
| 20:16 | Construir | House |
| 20:21 | Construir | Palisade Wall |
| 20:28 | Crear | Cavalry Archer |
| 20:32 | Crear | Villager (Male) |
| 20:38 | Investigar | Bow Saw |
| 20:54 | Construir | Palisade Wall |
| 20:58 | Crear | Villager (Male) |
| 21:05 | Crear | Archer |
| 21:22 | Construir | Archery Range |
| 21:26 | Crear | Villager (Male) |
| 21:29 | Crear | Cavalry Archer |
| 21:34 | Crear | Cavalry Archer |
| 21:34 | Crear | Cavalry Archer |
| 21:39 | Crear | Villager (Male) |
| 21:46 | Construir | House |
| 21:56 | Crear | Villager (Male) |
| 22:03 | Investigar | Gold Mining |
| 22:04 | Investigar | Stone Mining |
| 22:05 | Crear | Villager (Male) |
| 22:11 | Crear | Fishing Ship |
| 22:11 | Crear | Fishing Ship |
| 22:44 | Construir | Palisade Wall |
| 22:52 | Crear | Villager (Male) |
| 22:56 | Construir | House |
| 23:16 | Crear | Cavalry Archer |
| 23:17 | Crear | Cavalry Archer |
| 23:17 | Crear | Cavalry Archer |
| 23:17 | Crear | Cavalry Archer |
| 23:19 | Crear | Villager (Male) |
| 23:24 | Construir | Monastery |
| 23:28 | Investigar | Fletching |
| 23:35 | Investigar | Heavy Plow |
| 23:42 | Construir | Palisade Gate |
| 23:45 | Crear | Villager (Male) |
| 23:48 | Crear | Cavalry Archer |
| 23:49 | Crear | Cavalry Archer |
| 23:49 | Crear | Cavalry Archer |
| 23:50 | Crear | Villager (Male) |
| 23:58 | Crear | Fishing Ship |
| 24:22 | Construir | House |
| 24:25 | Crear | Cavalry Archer |
| 24:25 | Crear | Cavalry Archer |
| 24:26 | Crear | Villager (Male) |
| 24:34 | Construir | Farm |
| 24:35 | Construir | Farm |
| 24:36 | Construir | Farm |
| 24:50 | Crear | Cavalry Archer |
| 24:50 | Crear | Cavalry Archer |
| 25:02 | Construir | Farm |
| 25:19 | Crear | Villager (Male) |
| 25:19 | Crear | Villager (Male) |
| 25:24 | Construir | Farm |
| 25:25 | Construir | Farm |
| 25:35 | Construir | Mining Camp |
| 25:52 | Crear | Villager (Male) |
| 25:52 | Crear | Cavalry Archer |
| 26:21 | Construir | Castle |
| 26:22 | Crear | Villager (Male) |
| 26:47 | Crear | Cavalry Archer |
| 26:47 | Crear | Cavalry Archer |
| 26:48 | Crear | Cavalry Archer |
| 26:49 | Crear | Villager (Male) |
| 26:57 | Construir | Farm |
| 26:58 | Construir | Farm |
| 26:59 | Construir | Farm |
| 27:00 | Construir | Farm |
| 27:01 | Construir | Farm |
| 27:02 | Crear | Villager (Male) |
| 27:02 | Crear | Villager (Male) |
| 27:12 | Crear | Monk |
| 27:23 | Construir | Town Center |
| 27:25 | Crear | Villager (Male) |
| 27:48 | Investigar | Padded Archer Armor |
| 27:49 | Crear | Villager (Male) |
| 27:54 | Construir | House |
| 27:55 | Construir | House |
Cronología de la partida
| 0:12 | Zuku_Ustaad · first_building Dock |
| 0:36 | 别说了都给我懂完了 · first_building Dock |
| 1:27 | Tomimecchi · first_building Dock |
| 1:47 | Glare · first_building Dock |
| 11:17 | Glare · wall_segment Palisade Wall x4 |
| 12:29 | Glare · wall_segment Palisade Wall x5 |
| 12:54 | 别说了都给我懂完了 · age_up feudal |
| 13:39 | Tomimecchi · age_up feudal |
| 14:22 | Glare · age_up feudal |
| 15:16 | Zuku_Ustaad · age_up feudal |
| 15:51 | Glare · first_building Barracks |
| 16:26 | Tomimecchi · first_building Barracks |
| 17:30 | Glare · first_building Archery Range |
| 17:33 | 别说了都给我懂完了 · first_building Barracks |
| 17:39 | 别说了都给我懂完了 · wall_segment Palisade Wall x7 |
| 17:41 | Tomimecchi · first_building Stable |
| 17:57 | Zuku_Ustaad · first_market_sell 100 wood |
| 18:25 | Zuku_Ustaad · first_market_buy 100 food |
| 19:19 | 别说了都给我懂完了 · first_building Archery Range |
| 19:37 | 别说了都给我懂完了 · age_up castle |
| 20:21 | 别说了都给我懂完了 · wall_segment Palisade Wall x4 |
| 20:53 | Glare · first_market_sell 100 food |
| 20:54 | 别说了都给我懂完了 · wall_segment Palisade Wall x8 |
| 21:12 | Zuku_Ustaad · age_up castle |
| 21:23 | Zuku_Ustaad · first_building Castle |
| 21:24 | Tomimecchi · age_up castle |
| 22:44 | 别说了都给我懂完了 · wall_segment Palisade Wall x8 |
| 23:24 | 别说了都给我懂完了 · first_building Monastery |
| 23:30 | Tomimecchi · first_building Castle |
| 24:07 | Glare · age_up castle |
| 26:21 | 别说了都给我懂完了 · first_building Castle |
| 26:51 | Glare · first_building Monastery |
| 26:57 | Zuku_Ustaad · first_building Barracks |
| 27:04 | Glare · first_building Siege Workshop |
| 27:11 | 别说了都给我懂完了 · first_market_sell 100 stone |
| 27:58 | Zuku_Ustaad · first_building Archery Range |
| 28:04 | Glare · first_building Castle |
| 30:51 | Glare · first_market_buy 100 food |
| 34:28 | 别说了都给我懂完了 · first_building Stable |
| 35:49 | Zuku_Ustaad · first_building Stable |
| 41:07 | Glare · first_building Stable |
| 41:17 | 别说了都给我懂完了 · resign |
[ ANÁLISIS IA · 1 CRÉDITO ]
¿Qué pasó realmente en esta partida?
Wolo.gg analiza cada decisión: build order, eco, micro, errores típicos por bracket. Análisis personalizado por WhatsApp o Discord en 30 segundos.
Guía civ
Italianos
Perfil
Jugador #770701